 Dungeon Crawl Stone Soup version 0.28.0-53-g5a82cb258f (webtiles) character file.

Game seed: 5463625844767149084

39 H0rd4k the Charlatan (level 3, -1/26 HPs)
             Began as a Human Artificer on July 5, 2022.
             Slain by a hobgoblin
             ... wielding the +4 hand axe of Duddutik {vorpal, rPois rF+}
              (3 damage)
             ... on level 2 of the Dungeon.
             The game lasted 00:01:09 (1156 turns).

H0rd4k the Charlatan (Human Artificer)              Turns: 1156, Time: 00:01:10

Health: -1/26      AC:  3    Str: 12    XL:     3   Next: 67%
Magic:  3/3        EV: 11    Int: 13    God:
Gold:   67         SH:  0    Dex: 13    Spells: 2/2 levels left

rFire   . . .      SeeInvis .   f - +0 short sword (elec)
rCold   . . .      Faith    .   (no shield)
rNeg    . . .      Spirit   .   b - +0 leather armour
rPois   .          Reflect  .   (no helmet)
rElec   .          Harm     .   (no cloak)
rCorr   .          Rampage  .   (no gloves)
Will    .....                   (no boots)
Stlth   +.........              (no amulet)
HPRegen 0.08/turn               (no ring)
MPRegen 0.08/turn               (no ring)

@: no status effects
A: no striking features
a: no special abilities


You were on level 2 of the Dungeon.
You visited 1 branch of the dungeon, and saw 2 of its levels.

You collected 67 gold pieces.

Inventory:

Hand Weapons
 a - a +0 club
 f - a +0 short sword of electrocution (weapon)
Armour
 b - a +0 leather armour (worn)
Wands
 c - a wand of flame (14) (quivered)
 d - a wand of charming (14)
Scrolls
 g - 2 scrolls of identify {unknown}
Potions
 h - a potion of curing {unknown}
 i - 2 potions of lignification {unknown}
Miscellaneous
 e - a piece from Xom's chessboard (15/15)


   Skills:
 + Level 1.4 Fighting
 + Level 0.3 Short Blades
 + Level 0.1 Maces & Flails
 - Level 2.0 Armour
 + Level 1.2 Dodging
 - Level 1.0 Stealth
 + Level 4.0 Evocations


You had 2 spell levels left.
You didn't know any spells.
Your spell library was empty.

Dungeon Overview and Level Annotations

Branches:
Dungeon (2/15)

Altars:


Message History

You hit the ball python.
The ball python is moderately wounded.
The bat hits you but does no damage. The ball python completely misses you.
The ball python constricts you. The rat bites you.
The ball python barely misses you. The ball python constricts you.
The rat bites you but does no damage.
You escape the ball python's grasp.
There is an open door here.
The bat hits you but does no damage. The bat barely misses you. x2
You closely miss the bat. The bat hits you but does no damage. x2
You miss the bat. The bat hits you but does no damage.
You completely miss the bat. The bat barely misses you. The bat misses you.
You barely miss the bat. The bat hits you. The bat barely misses you.
You closely miss the bat. The bat hits you but does no damage.
The bat barely misses you.
You miss the bat. The bat barely misses you. x2
You hit the bat. Lightning courses through the bat!
You kill the bat!
You barely miss the goblin. The goblin closely misses you.
You barely miss the goblin. You punch the goblin.
The goblin is severely wounded.
The goblin barely misses you. The goblin hits you with a +0 club.
You hit the goblin.
You kill the goblin!
You hit the rat.
You kill the rat!
You barely miss the goblin. The goblin hits you with a +0 club.
You barely miss the goblin. The goblin hits you with a +0 club.
You closely miss the goblin. The goblin hits you with a +0 club.
You hit the goblin. Lightning courses through the goblin!
You kill the goblin!
You hit the ball python.
You kill the ball python!
You closely miss the hobgoblin. The hobgoblin barely misses you.
You barely miss the hobgoblin.
The hobgoblin hits you with the +4 hand axe of Duddutik {vorpal, rPois rF+}.
* * * LOW HITPOINT WARNING * * *
x2 The hobgoblin hits you with the +4 hand axe of Duddutik {vorpal, rPois rF+}.
You die...

##.....##...#
####......'...#
.........##...# #####....#
#.# .#+###### ###..†.##.# .
........# #.........#
#.......# #.##..#####
........#######.##......'..
.......ggg@.....##..#####..
........##########..#
........# #..# .........
#..# .......... ##[#
........... .>#
?........... .............
..###.........


You could see 2 hobgoblins and a goblin.

Vanquished Creatures
  A worm (D:2)
  A dart slug (D:1)
  4 endoplasms
  4 hobgoblins (D:1)
  2 jackals (D:1)
  A kobold (D:1)
  3 ball pythons
  4 bats
  6 goblins
  3 rats
  A spectral hobgoblin (D:2)
30 creatures vanquished.

Vanquished Creatures (collateral kills)
  A ball python (D:1)
1 creature vanquished.

Vanquished Creatures (others)
  An endoplasm (D:1)
1 creature vanquished.

Grand Total: 32 creatures vanquished

Notes
Turn   | Place    | Note
-------+----------+-------------------------------------------
     0 | D:1      | H0rd4k the Human Artificer began the quest for the Orb.
     0 | D:1      | Reached XP level 1. HP: 15/15 MP: 1/1
   346 | D:1      | Reached XP level 2. HP: 11/21 MP: 2/2
   754 | D:1      | Reached XP level 3. HP: 26/26 MP: 3/3
  1068 | D:2      | Found a faded altar of an unknown god.
  1099 | D:2      | Reached skill level 4 in Evocations
  1131 | D:2      | Identified the +4 hand axe of Duddutik {vorpal, rPois rF+}
  1156 | D:2      | Slain by a hobgoblin

Illustrated notes

Levels and vault maps discovered:
D:1:      dpeg_arrival_pond, layout_rooms, st_stairs_13
D:2:      layout_basic, dreamdust_ecumenical_altar_drowned_temple

Skill      XL: |  1  2  3 |
---------------+----------+-----
Evocations     | 4 |  4.0
Fighting       | |  1.4
Short Blades   | |  0.3
Maces & Flails | |  0.1
Armour         | |  2.0
Dodging        | |  1.2
Stealth        | |  1.0

Action                   || total
-------------------------++-------
Melee: Club              ||    16
       Short sword       ||    58
       Punch             ||     2
Evoke: Wand              ||     2
 Stab: Sleeping          ||     1
Armor: Leather armour    ||    22
Dodge: Dodged            ||    47
